 Dungeon Crawl Stone Soup version 0.28-a0-1143-gcf6077d4cc (webtiles) character file.

Game seed: 17843606440905194605

228 Gwenloh the Insei (level 6, 0/41 HPs)
             Began as an Octopode Transmuter on Dec 14, 2021.
             Was an Initiate of Yredelemnul.
             Killed by divine providence
             ... invoked by an orc priest
              (15 damage)
             ... on level 3 of the Dungeon.
             The game lasted 00:07:21 (3013 turns).

Gwenloh the Insei (Octopode Transmuter)             Turns: 3013, Time: 00:07:22

Health: 0/41       AC:  1    Str:  9    XL:     6   Next: 2%
Magic:  5/9        EV: 13    Int: 16    God:    Yredelemnul [......]
Gold:   58         SH:  0    Dex: 14    Spells: 3/9 levels left

rFire   . . .      SeeInvis .     - Unarmed
rCold   . . .      Faith    .   (no shield)
rNeg    . . .      Spirit   .   (helmet currently unavailable)
rPois   .          Reflect  .   (no amulet)
rElec   .          Harm     .   (no ring)
rCorr   .          Rampage  .   (no ring)
Will    .....                   (no ring)
Stlth   ++........              (no ring)
HPRegen 0.13/turn               (no ring)
MPRegen 0.11/turn               (no ring)
                                (no ring)
                                (no ring)

@: appendages, wereblooded
A: tentacle spike 3, almost no armour, amphibious, 8 rings, camouflage 1,
gelatinous body 1, (nimble swimmer 1), tentacles
a: End Transformation, Renounce Religion, Recall Undead Harvest


You were on level 3 of the Dungeon.
You worshipped Yredelemnul.
Yredelemnul was noncommittal.
One of your tentacles had grown a beastly spike.
You visited 1 branch of the dungeon, and saw 3 of its levels.

You collected 58 gold pieces.

Inventory:

Missiles
 d - 50 sling bullets
 e - 39 stones (quivered)
Wands
 n - a wand of polymorph (15)
Scrolls
 a - a scroll of fear {unknown}
 g - a scroll of fog {unknown}
 h - a scroll of amnesia {unknown}
 i - 2 scrolls of identify {unknown}
 j - a scroll of magic mapping {unknown}
 m - a scroll of brand weapon {unknown}
Potions
 b - 2 potions of flight {unknown}
 c - a potion of curing {unknown}
 f - a potion of degeneration {unknown}
 k - a potion of mutation {unknown}
 l - a potion of lignification {unknown}


   Skills:
 + Level 2.6 Fighting
 - Level 2.0 Dodging
 * Level 4.6 Unarmed Combat
 - Level 2.0 Spellcasting
 * Level 4.1 Transmutations


You had 3 spell levels left.
You knew the following spells:

 Your Spells              Type           Power      Damage    Failure   Level
a - Beastly Appendage     Tmut           28%        N/A       3%          1
b - Wereblood             Tmut           14%        N/A       6%          2
c - Spider Form           Tmut/Pois      8%         N/A       26%         3

Your spell library contained the following spells:

 Spells                   Type           Power      Damage    Failure   Level
 Sting                    Tmut/Pois      32%        1d4       9%          1
 Poisonous Vapours        Pois/Air       2%         N/A       30%         2
 Ice Form                 Ice/Tmut       8%         N/A       65%         4
 Olgreb's Toxic Radiance  Pois           1%         N/A       90%         4


Dungeon Overview and Level Annotations

Branches:
Dungeon (3/15)

Altars:
Yredelemnul


Innate Abilities, Weirdness & Mutations

One of your tentacles has grown a beastly spike.
You cannot wear most types of armour.
You are amphibious.
You can wear up to eight rings at the same time.
Your skin changes colour to match your surroundings (Stealth+).
Your rubbery body absorbs attacks. (AC +1, EV +1)
((You are camouflaged near water. (Stealth+)))
You have tentacles for arms and can constrict up to eight enemies at once.


Message History

Confirm with . or Enter, or press ? or * to list all spells.
You extend your transformation's duration.
The orc shouts!
The orc priest begins to cast a cantrip, but forgets the words!
The orc hits something with a +0 short sword.
Something bites the orc.
You tentacle-slap the orc but do no damage.
You grab the orc.
You constrict the orc, but do no damage.
The orc barely misses you.
Something bites the orc.
The worm bites you!
You tentacle-slap the orc.
You pierce the orc, but do no damage.
The orc is almost dead.
You constrict the orc, but do no damage.
The orc completely misses you.
The orc priest hits something with a +0 flail!
You tentacle-slap the orc but do no damage.
The orc is almost dead.
You constrict the orc.
You feel a bit better.
You kill the orc!
Something barely misses the orc priest.
The orc priest hits something with a +0 flail!
The worm bites you.
You have reached level 6!
You tentacle-slap the worm. You grab the worm. You squeeze the worm.
The worm is moderately wounded.
You constrict the worm.
Something hits the orc priest but does no damage.
You bludgeon the worm!
The worm is severely wounded.
You constrict the worm. The worm bites you!
You bludgeon the worm!
You feel a bit better.
You kill the worm!
A black mist starts to gather...
Something hits the orc priest but does no damage.
The orc priest barely misses something.
Something barely misses the orc priest.
Something barely misses the orc priest.
The orc priest mumbles some strange prayers to Beogh against you.
Beogh smites you!
You die...
Your body rises from the dead as a mindless zombie.

....Z..#.####
####.###Z#.. ####Z#
#.#.#########
.....###.#.........####
.......................
....####.#[....)...#
....# #.#.#####.######
....## #.#............#
.......#.#....##@####.#
....##.#....o.oo)..#
...... ###...o##.#.#
######. #....##Z#.# #
#.. #'# # # ## ... #
... # ... # .


You could see an orc priest, an orc wizard, 2 orcs and a friendly worm zombie.

Vanquished Creatures
  Sigmund (D:2)
  Crazy Yiuf (D:2)
  A gnoll (D:1)
  A worm (D:3)
  2 orcs
  4 endoplasms
  4 goblins
  2 hobgoblins
  3 quokkas
  2 ball pythons
  3 bats
  3 frilled lizards
  4 kobolds
  4 rats
35 creatures vanquished.

Vanquished Creatures (collateral kills)
  An orc (D:3)
1 creature vanquished.

Vanquished Creatures (others)
  A human zombie (D:2)
  A goblin zombie (D:3)
  A kobold zombie (D:2)
  2 quokka zombies
  A rat zombie (D:2)
  A spectral endoplasm (D:2)
  A plant (D:1)
8 creatures vanquished.

Grand Total: 44 creatures vanquished

Notes
Turn   | Place    | Note
-------+----------+-------------------------------------------
     0 | D:1      | Gwenloh the Octopode Transmuter began the quest for the
                  | Orb.
     0 | D:1      | Reached XP level 1. HP: 13/13 MP: 3/3
   637 | D:1      | Reached XP level 2. HP: 8/18 MP: 3/5
   944 | D:1      | Learned a level 2 spell: Wereblood
  1191 | D:1      | Found a faded altar of an unknown god.
  1198 | D:1      | Prayed at the altar of an unknown god.
  1198 | D:1      | Became a worshipper of Yredelemnul the Dark
  1421 | D:2      | Reached XP level 3. HP: 19/23 MP: 4/6
  1425 | D:2      | Learned a level 3 spell: Spider Form
  1659 | D:2      | Found a runed translucent door.
  1660 | D:2      | Noticed Crazy Yiuf
  1798 | D:2      | Noticed Sigmund
  2340 | D:2      | Killed Sigmund
  2340 | D:2      | Reached * piety under Yredelemnul
  2341 | D:2      | Reached XP level 4. HP: 23/30 MP: 1/7
  2341 | D:2      | Reached XP level 5. HP: 27/35 MP: 1/8
  2561 | D:2      | Your ally Sigmund died
  2566 | D:2      | Killed Crazy Yiuf
  3010 | D:3      | Reached XP level 6. HP: 23/41 MP: 5/9
  3013 | D:3      | Killed from afar by an orc priest

Illustrated notes

Levels and vault maps discovered:
D:1:      erik_arrival_triangle_small, layout_basic,
          dilly_ecumenical_altar_fadedgnrine
D:2:      layout_rooms, uniq_sigmund, uniq_crazy_yiuf_cottage
D:3:      layout_basic, serial_shops, shop_statue

Skill      XL: |  1  2  3  4  5 |
---------------+----------------+-----
Fighting       | 2 |  2.6
Unarmed Combat | 4 |  4.6
Transmutations | 3 4 |  4.1
Dodging        | |  2.0
Spellcasting   | |  2.0

Action                   |  1- 3 |  4- 6 || total
-------------------------+-------+-------++-------
Melee: Unarmed           |    59 |    28 ||    87
       Kick              |     8 |     6 ||    14
       Constrict         |    11 |     8 ||    19
       Tentacles         |     8 |     4 ||    12
       Punch             |     1 |       ||     1
Throw: Stone             |     6 |       ||     6
 Cast: Beastly Appendage |    19 |     6 ||    25
       Wereblood         |     1 |     2 ||     3
       Spider Form       |     1 |     1 ||     2
 Stab: Sleeping          |     1 |     1 ||     2
Armor: Skin              |     3 |     2 ||     5
Dodge: Dodged            |    37 |     9 ||    46

Table legend: (Time is in decaauts)
 A = Elapsed time spent in this place.
 B = Non-inter-level travel time spent in this place.
 C = Inter-level travel time spent in this place.
 D = Time resting spent in this place.
 E = Time spent auto-exploring this place.
 F = Levels seen in this place.
 G = Mean time per level.
                   A        B        C        D        E       F      G
               +--------+--------+--------+--------+--------+-----+--------+
         Total |   3008 |   2886 |    122 |    766 |   1650 |   3 | 1002.7 |
       Dungeon |   3008 |   2886 |    122 |    766 |   1650 |   3 | 1002.7 |
               +--------+--------+--------+--------+--------+-----+--------+

Top non-repeatable levels by time:
     D:1: 1600 daAuts
     D:2: 1171 daAuts
     D:3: 235 daAuts
